 Dungeon Crawl Stone Soup version 0.31-a0-154-g56bf346678 (webtiles) character file.

Game seed: 9455550809178527782

3832 Maxmaps the Summoner (level 9, -1/69 HPs)
             Began as a Demonspawn Monk on June 11, 2023.
             Was an Initiate of Gozag.
             Succumbed to Amaemon's poison
             ... on level 8 of the Dungeon.
             The game lasted 00:13:21 (9040 turns).

Maxmaps the Summoner (Demonspawn Monk)              Turns: 9040, Time: 00:13:22

Health: -1/69      AC: 13    Str:  8    XL:     9   Next: 98%
Magic:  8/15       EV: 12    Int: 19    God:    Gozag
Gold:   519        SH:  5    Dex: 16    Spells: 12/16 levels left

rFire   . .          .
                       - Unarmed
rCold   . . .        C - +0 buckler
rNeg    . . .        e - +2 robe {Archmagi}
rPois   .            (no helmet)
rElec   .            (no cloak)
rCorr   +            (no gloves)
SInv    .            (no boots)
Will    .....        s - amulet "Zarua" {Spirit Str-3 Int+3 Slay+3}
Stlth   +            i - ring of resist corrosion
HPRegen 0.31/turn    (no ring)
MPRegen 0.14/turn

%: guardian spirit, archmagi
@: lethally poisoned (-1 -> -43), sanguine armoured
A: hooves 2, sanguine armour 2
a: Renounce Religion, Potion Petition, Call Merchant, Bribe Branch


You were on level 8 of the Dungeon.
You worshipped Gozag.
Gozag was pleased with you.
You visited 1 branch of the dungeon, and saw 8 of its levels.

You collected 658 gold pieces.
You spent 139 gold pieces at shops.

Inventory:

Missiles
 n - a throwing net
Armour
 a - a +1 robe
 c - an orb of light
 e - a +2 robe of the Archmagi (worn)
 o - the +2 scale mail "Qusemyt" {Int+3}
   (You found it on level 4 of the Dungeon)

   Int:       It affects your intelligence (+3).
 C - a +0 buckler (worn)
Jewellery
 i - a ring of resist corrosion (left hand)
 s - the amulet "Zarua" (around neck) {Spirit Str-3 Int+3 Slay+3}
   (You found it on level 5 of the Dungeon)

   [amulet of guardian spirit]

   It causes incoming damage to be divided between your reserves of health and
   magic.
   Str:       It affects your strength (-3).
   Int:       It affects your intelligence (+3).
   Slay:      It affects your accuracy & damage with ranged weapons and melee
   (+3).
 z - a ring of ice
Wands
 y - a wand of mindburst (25)
 B - a wand of quicksilver (10)
Scrolls
 h - a scroll of identify
 k - a scroll of fog
 m - a scroll of teleportation
 q - 3 scrolls of vulnerability
Potions
 d - a potion of attraction
 t - a potion of brilliance


   Skills:
 - Level 6.0 Fighting
 - Level 2.6 Dodging
 - Level 5.2 Shields
 - Level 3.5 Unarmed Combat
 - Level 4.0 Spellcasting
 + Level 9.1 Summonings
 - Level 5.0 Ice Magic


You had 12 spell levels left.
You knew the following spells:

 Your Spells              Type           Power      Damage    Failure   Level
a - Summon Ice Beast      Ice/Summ       46%        N/A       11%         4

Your spell library contained the following spells:

 Spells                   Type           Power      Damage    Failure   Level
 Slow                     Hex            20%        N/A       21%         1
 Cigotuvi's Dreadful Rot  Necr/Pois/Air  10%        N/A       30%         2
 Poisonous Vapours        Pois/Air       10%        N/A       30%         2
 Animate Armour           Summ/Erth      62%        N/A       30%         4
 Confusing Touch          Hex            5%         N/A       52%         3
 Mephitic Cloud           Conj/Pois/Air  5%         N/A       52%         3
 Stone Arrow              Conj/Erth      10%        3d7       52%         3
 Tukima's Dance           Hex            5%         N/A       52%         3
 Vampiric Draining        Necr           5%         2d6       52%         3
 Summon Mana Viper        Hex/Summ       31%        N/A       65%         5
 Passage of Golubria      Tloc           5%         N/A       89%         4
 Freezing Cloud           Conj/Ice/Air   7%         6-21      95%         5
 Yara's Violent Unravell  Hex/Tmut       2%         3d3       99%         5
 Monstrous Menagerie      Summ           27%        N/A       99%         7
 Lehudib's Crystal Spear  Conj/Erth      2%         10d2      100%        8
 Dragon's Call            Summ           27%        N/A       100%        9


Dungeon Overview and Level Annotations

Branches:
Dungeon (8/15)             Temple (0/1) D:7
   Lair: D:8-11

Altars:
Fedhas
Gozag
Sif Muna
Wu Jian

Shops:
D:3 (   D:5 [   D:6 [

Annotations:
D:8 Amaemon


Innate Abilities, Weirdness & Mutations

You have hoof-like feet.
When seriously injured, your blood forms thick armour. (AC +9)


Message History

You block Amaemon's attack.
Amaemon tail-slaps you but does no damage.
Okay, then.
You are confused.
You feel invigorated.
You feel sick.
Your ice beast hits Amaemon but does no damage.
Amaemon hits you with a -1 demon whip of venom.
You are more poisoned.
Amaemon claws you but does no damage.
Amaemon tail-slaps you but does no damage.
You feel very sick.
Your ice beast misses Amaemon.
Amaemon hits you with a -1 demon whip of venom.
You are more poisoned.
Amaemon claws you but does no damage. Amaemon closely misses you.
You feel very sick.
Your ice beast hits Amaemon.
Your ice beast freezes Amaemon!
Amaemon hits you with a -1 demon whip of venom!
You are lethally poisoned!
Amaemon barely misses you.
Amaemon tail-slaps you but does no damage.
You feel less invigorated.
You feel less confused.
* * * LOW HITPOINT WARNING * * *
You feel extremely sick.
Your ice beast hits Amaemon but does no damage.
Amaemon hits you with a -1 demon whip of venom!
* * * LOW HITPOINT WARNING * * *
You are more poisoned.
Amaemon claws you.
* * * LOW HITPOINT WARNING * * *
Amaemon tail-slaps you.
* * * LOW HITPOINT WARNING * * *
Okay, then.
Aiming: Mindburst
Press: ? - help, Shift-Dir - straight line, f - Amaemon
Aim: Amaemon, wielding a -1 demon whip of venom and wearing the +3 leather armour of Dim Light {Rampage Dex+4} (heavily wounded, ally target, chance to affect: 29%) Amaemon easily resists.
You die...
Your body crumbles into a pile of gold.

/..T. #.# #..#.##
........# ####.###..#.#
........###..<......#.#
........#......####.#.#
............#### #.#.#
.....)....#.. ..#.#
................###.#
.###6.....#.###.
##Y@#...#.#
#.......###.## .
.........#.## ##
............ .#
.##.#####..# #.## ...
#..##...#@. ###
#........". #.#$# #...#


You could see Amaemon (ally target) and a friendly ice beast (summoned).

Vanquished Creatures
  Pikel (D:4)
  Grinder (D:3)
  A nameless horror (D:7)
  Sigmund (D:2)
  A steam dragon (D:7)
  An ice beast (D:5)
  An ogre (D:6)
  A centaur (D:7)
  A phantom (D:7)
  2 bullfrogs
  A scorpion (D:5)
  12 wights (D:7)
  3 hounds
  2 jellies (D:5)
  2 orc priests (D:5)
  A sleepcap (D:6)
  4 iguanas
  4 orc wizards
  4 gnolls (D:5)
  12 adders
  An ufetubus (D:4)
  4 dart slugs
  13 orcs
  4 ball pythons
  4 endoplasms (D:2)
  4 giant cockroaches
  8 goblins
  6 hobgoblins
  9 kobolds
  3 quokkas
  3 bats
  4 frilled lizards
  10 rats
129 creatures vanquished.

Vanquished Creatures (collateral kills)
  Joseph (D:8)
  An orange demon (D:7)
  A troll (D:8)
  An orc warrior (D:6)
  A black bear (D:6)
  A wight (D:7)
  A jelly (D:7)
  An orc wizard (D:7)
  An orc (D:7)
9 creatures vanquished.

Grand Total: 138 creatures vanquished

Notes
Turn   | Place    | Note
-------+----------+-------------------------------------------
     0 | D:1      | Maxmaps the Demonspawn Monk began the quest for the Orb.
     0 | D:1      | Reached XP level 1. HP: 18/18 MP: 1/1
   154 | D:1      | Gained mutation: When seriously injured, your blood forms
                  | armour. (AC +9) [demonic ancestry]
   154 | D:1      | Reached XP level 2. HP: 21/24 MP: 2/2
   606 | D:1      | Found a faded altar of an unknown god.
   894 | D:2      | Reached XP level 3. HP: 29/29 MP: 3/3
  1316 | D:2      | Noticed Sigmund
  1337 | D:2      | Killed Sigmund
  1338 | D:2      | Reached skill level 5 in Fighting
  1338 | D:2      | Gained mutation: When seriously injured, your blood forms
                  | thick armour. (AC +9) [demonic ancestry]
  1338 | D:2      | Reached XP level 4. HP: 20/40 MP: 4/4
  1338 | D:2      | Reached XP level 5. HP: 23/46 MP: 5/5
  1510 | D:2      | Got the Compendium of the Productive Scorpion
  1880 | D:3      | Learned a level 4 spell: Summon Ice Beast
  1905 | D:3      | Found Ciorul's Weapon Boutique.
  1948 | D:3      | Reached skill level 1 in Spellcasting
  2170 | D:3      | Reached XP level 6. HP: 50/52 MP: 6/8
  2377 | D:3      | Noticed Grinder
  2377 | D:3      | Paralysed by Grinder for 4 turns
  2386 | D:3      | Paralysed by Grinder for 3 turns
  2403 | D:3      | Killed Grinder
  2708 | D:4      | Identified the +2 scale mail "Qusemyt" {Int+3}
  2721 | D:4      | Found a blossoming altar of Fedhas.
  2806 | D:4      | Gained mutation: You have large cloven feet. [demonic
                  | ancestry]
  2806 | D:4      | Reached XP level 7. HP: 58/58 MP: 12/12
  2892 | D:4      | Reached skill level 1 in Ice Magic
  2989 | D:4      | Noticed Pikel
  3003 | D:4      | Killed Pikel
  3387 | D:5      | Entered Level 5 of the Dungeon
  3394 | D:5      | Gained mutation: You have hoof-like feet. [demonic
                  | ancestry]
  3394 | D:5      | Reached XP level 8. HP: 64/64 MP: 14/14
  3396 | D:5      | Identified the amulet "Zarua" {Spirit Str-3 Int+3 Slay+3}
  3432 | D:5      | Reached skill level 5 in Ice Magic
  3464 | D:5      | Reached skill level 1 in Summonings
  3477 | D:5      | Reached skill level 2 in Summonings
  3649 | D:5      | Found Omyucick's Armour Emporium.
  3722 | D:5      | Reached skill level 3 in Summonings
  3870 | D:5      | Reached skill level 4 in Summonings
  4226 | D:5      | Found a shimmering blue altar of Sif Muna.
  4644 | D:6      | Found an opulent altar of Gozag.
  4659 | D:6      | Became a worshipper of Gozag Ym Sagoz the Greedy
  4699 | D:6      | Reached skill level 5 in Summonings
  5096 | D:6      | Found an ornate altar of the Wu Jian Council.
  5168 | D:6      | Reached skill level 6 in Summonings
  5302 | D:6      | Found Coraa's Antique Armour Boutique.
  5305 | D:6      | Bought a buckler for 139 gold pieces
  5515 | D:6      | Reached skill level 1 in Shields
  6085 | D:7      | Reached XP level 9. HP: 46/67 MP: 7/15
  6207 | D:7      | Identified the +7 quarterstaff "Sesuad" {freeze, rF+}
  6216 | D:7      | Found a staircase to the Ecumenical Temple.
  6264 | D:7      | Noticed a nameless horror
  6270 | D:7      | Killed a nameless horror
  7370 | D:7      | Reached skill level 5 in Shields
  7427 | D:7      | Noticed a nameless horror
  7866 | D:8      | Noticed Joseph
  8283 | D:8      | Killed Joseph
  8284 | D:8      | Reached skill level 7 in Summonings
  8501 | D:7      | Reached skill level 8 in Summonings
  8712 | D:8      | Noticed an orange demon
  8712 | D:8      | Noticed a troll
  8765 | D:7      | Killed an orange demon
  8821 | D:8      | Killed a troll
  8822 | D:8      | Reached skill level 9 in Summonings
  8851 | D:8      | Identified the +3 leather armour of Dim Light {Rampage
                  | Dex+4}
  8851 | D:8      | Noticed Amaemon
  9040 | D:8      | Succumbed to Amaemon's poison

Illustrated notes

Levels and vault maps discovered:
D:1:      dpeg_arrival_orchard, layout_rooms,
          hellmonk_ecumenical_altar_inner_sanctum
D:2:      layout_basic, minmay_pentomino_x4, uniq_sigmund
D:3:      layout_loops_ring, serial_shops, nicolae_shop_gibbet_a_chance,
          uniq_grinder
D:4:      layout_loops_ring, fedhas_altar_fruit_tree, dk_vineyard_3, uniq_pikel
D:5:      layout_rooms, mainiacjoe_overflow_paths, serial_shops, shop,
          minmay_puff
D:6:      layout_basic, mainiacjoe_overflow_concentric_impassable,
          nicolae_gozag_cash_rules_everything_around_me, serial_shops,
          nicolae_shop_real_fake_doors
D:7:      layout_basic, minmay_temple_entry_glassed_door
D:8:      layout_loops_ring, nzn_hepliaklqana_mist_gate, minmay_misc_feat_tiny,
          uniq_prince_ribbit1, uniq_amaemon, uniq_joseph

Skill      XL: |  1  2  3  4  5  6  7  8  9 |
---------------+----------------------------+-----
Unarmed Combat | 3 |  3.5
Fighting       | 5 6 |  6.0
Spellcasting   | 1 3 4 |  4.0
Ice Magic      | 4 5 |  5.0
Summonings     | 6 9 |  9.1
Shields        | 2 5 |  5.2
Dodging        | |  2.6

Action                     |  1- 3 |  4- 6 |  7- 9 || total
---------------------------+-------+-------+-------++-------
  Melee: Unarmed           |   133 |    86 |   369 ||   588
         Kick              |       |       |   149 ||   149
   Cast: Summon Ice Beast  |       |       |    24 ||    24
  Evoke: Wand              |       |       |     4 ||     4
    Use: Potion            |     4 |     2 |    11 ||    17
         Scroll            |       |       |    14 ||    14
   Stab: Distracted        |       |       |     3 ||     3
 Armour: Robe              |     4 |       |    21 ||    25
         Ring mail         |    26 |    26 |    36 ||    88
         Skin              |     1 |       |       ||     1
         Leather armour    |       |       |    42 ||    42
  Dodge: Dodged            |    71 |    38 |   222 ||   331
  Block: Buckler           |       |       |    65 ||    65

Table legend: (Time is in decaauts)
 A = Elapsed time spent in this place.
 B = Non-inter-level travel time spent in this place.
 C = Inter-level travel time spent in this place.
 D = Time resting spent in this place.
 E = Time spent auto-exploring this place.
 F = Levels seen in this place.
 G = Mean time per level.
                   A        B        C        D        E       F      G
               +--------+--------+--------+--------+--------+-----+--------+
         Total |   9000 |   8688 |    312 |   1576 |   5524 |   8 | 1125.0 |
       Dungeon |   9000 |   8688 |    312 |   1576 |   5524 |   8 | 1125.0 |
               +--------+--------+--------+--------+--------+-----+--------+

Top non-repeatable levels by time:
     D:7: 2943 daAuts
     D:6: 1469 daAuts
     D:5: 1067 daAuts
     D:2: 1011 daAuts
     D:3: 981 daAuts
     D:4: 722 daAuts
     D:1: 652 daAuts
     D:8: 152 daAuts
